 Dungeon Crawl Stone Soup version 0.31.0-11-ge490571c62 (webtiles) character file.

Game seed: 9325285204617538397

34 Arcadio the Gusty (level 3, -4/19 HPs)
             Began as a Tengu Air Elementalist on Jan 28, 2024.
             Slain by Sigmund
             ... wielding a +1 scythe of protection
              (12 damage)
             ... on level 2 of the Dungeon.
             The game lasted 00:01:57 (741 turns).

Arcadio the Gusty (Tengu Air Elementalist)           Turns: 741, Time: 00:01:57

Health: -4/19      AC:  2    Str:  8    XL:     3   Next: 31%
Magic:  7/7        EV: 28    Int: 17    God:
Gold:   113        SH:  0    Dex: 14    Spells: 5/6 levels left

rFire   . . .        i - +2 short sword (elec)
rCold   . . .        (no shield)
rNeg    . . .        a - +0 robe
rPois   .            (helmet restricted)
rElec   .            (no cloak)
rCorr   .            (no gloves)
SInv    .            (boots unavailable)
Will    .....        f - amulet of magic regeneration
Stlth   ++           (no ring)
HPRegen 0.23/turn    (no ring)
MPRegen 0.50/turn

%: acrobat
@: acrobatic
A: beak, talons 3, acrobatic
a: no special abilities


You were on level 2 of the Dungeon.
You visited 1 branch of the dungeon, and saw 2 of its levels.

You collected 113 gold pieces.

Inventory:

Hand Weapons
 d - a +0 rapier
 i - a +2 short sword of electrocution (weapon)
Armour
 a - a +0 robe (worn)
Jewellery
 f - an amulet of magic regeneration (around neck)
Scrolls
 c - a scroll of immolation {unknown}
 e - a scroll of revelation {unknown}
 g - a scroll of teleportation {unknown}
 k - a scroll of blinking {unknown}
Potions
 b - a potion of magic
 h - a potion of heal wounds {unknown}
 j - a potion of cancellation {unknown}


   Skills:
 * Level 2.9 Dodging
 + Level 2.3 Stealth
 + Level 0.7 Shields
 + Level 2.2 Spellcasting
 + Level 2.0 Conjurations
 + Level 4.2 Air Magic


You had 5 spell levels left.
You knew the following spells:

 Your Spells              Type           Power      Damage    Failure   Level
a - Shock                 Conj/Air       48%        1d6       5%          1

Your spell library contained the following spells:

 Spells                   Type           Power      Damage    Failure   Level
 Static Discharge         Conj/Air       24%        3-4/arc   9%          2
 Swiftness                Air            16%        N/A       10%         3
 Slow                     Hex            4%         N/A       19%         1
 Airstrike                Air            8%         2d(2-18)  32%         4
 Confusing Touch          Hex            1%         N/A       50%         3
 Sigil of Binding         Hex            1%         N/A       50%         3
 Vampiric Draining        Necr           1%         2d6       50%         3


Dungeon Overview and Level Annotations

Branches:
Dungeon (2/15)

Altars:
Yredelemnul

Annotations:
D:2 Sigmund


Innate Abilities, Weirdness & Mutations

You have a beak for a mouth.
You have claws for feet.
You can magically evade attacks while moving or waiting.


Message History

Casting: Shock (safe; 5% risk of failure)
Confirm with . or Enter, or press ? or * to list all spells.
Aiming: Shock (safe; 5% risk of failure)
Press: ? - help, Shift-Dir - straight line, f/p - Sigmund
Aim: Sigmund, wielding a +1 scythe of protection and wearing a +0 robe (lightly wounded, 64% to hit)
The zap hits Sigmund.
Sigmund is lightly wounded.
Casting: Shock (safe; 5% risk of failure)
Confirm with . or Enter, or press ? or * to list all spells.
Aiming: Shock (safe; 5% risk of failure)
Press: ? - help, Shift-Dir - straight line, f/p - Sigmund
Aim: Sigmund, wielding a +1 scythe of protection and wearing a +0 robe (lightly wounded, 64% to hit)
The zap misses Sigmund.
Casting: Shock (safe; 5% risk of failure)
Confirm with . or Enter, or press ? or * to list all spells.
Aiming: Shock (safe; 5% risk of failure)
Press: ? - help, Shift-Dir - straight line, f/p - Sigmund
Aim: Sigmund, wielding a +1 scythe of protection and wearing a +0 robe (lightly wounded, 64% to hit)
The zap misses Sigmund.
Sigmund closely misses you.
You hit Sigmund but do no damage. Your peck misses Sigmund.
Sigmund is lightly wounded.
Sigmund hits you with a +1 scythe of protection.
You hit Sigmund but do no damage.
Sigmund is lightly wounded.
Sigmund hits you with a +1 scythe of protection!
You hit Sigmund. Your peck misses Sigmund.
Sigmund is moderately wounded.
You hit Sigmund but do no damage. Lightning courses through Sigmund!!
Sigmund is almost dead.
Sigmund gestures wildly while chanting.
Sigmund flickers and vanishes!
Deactivating autopickup; reactivate with Ctrl-A.
You hear some strange, mumbled words.
Something tries to affect you, but you resist.
You hear some strange, mumbled words.
A puff of flame appears from out of thin air!
The puff of flame misses you. Something hits you!
Ouch! That really hurt!
You die...

.. #.# .# #.
##.###.# ##. #.#
#..##..##.... #..
#.###.#...#
..####.##)##....#
..............#####
.#####.{#.###.#...
##...# #)#.#
#..@###...#
##..†#...##
#..#....##
####.###...#
#....###...#.#
#.####.......#
####......#..####
##.....#####...#
######..#..##
......


There were no monsters in sight!

Vanquished Creatures
  A dart slug (D:2)
  3 hobgoblins (D:1)
  4 jackals (D:1)
  2 kobolds
  3 quokkas
  5 ball pythons (D:1)
  2 bats
  2 frilled lizards
  4 goblins
  A rat (D:2)
27 creatures vanquished.

Notes
Turn   | Place    | Note
-------+----------+-------------------------------------------
     0 | D:1      | Arcadio the Tengu Air Elementalist began the quest for the
                  | Orb.
     0 | D:1      | Reached XP level 1. HP: 10/10 MP: 4/4
   313 | D:1      | Reached XP level 2. HP: 13/15 MP: 3/6
   564 | D:1      | Reached XP level 3. HP: 18/19 MP: 7/7
   655 | D:2      | Found a basalt altar of Yredelemnul.
   726 | D:2      | Noticed Sigmund
   741 | D:2      | Slain by Sigmund

Illustrated notes

Levels and vault maps discovered:
D:1:      minmay_arrival_semitransparent, layout_loops_ring,
          hangedman_abyss_or_decor_stabs
D:2:      layout_rooms, basic_altar, uniq_sigmund, uniq_natasha

Skill      XL: |  1  2  3 |
---------------+----------+-----
Conjurations   | 2 |  2.0
Dodging        | |  2.9
Stealth        | |  2.3
Shields        | |  0.7
Spellcasting   | |  2.2
Air Magic      | |  4.2

Action                     || total
---------------------------++-------
  Melee: Rapier            ||    14
         Kick              ||     4
         Peck              ||     3
         Short sword       ||     7
   Cast: Shock             ||    39
   Stab: Sleeping          ||     1
 Armour: Robe              ||    14
  Dodge: Dodged            ||    17
